Map: Goldenaura LE

Players

A.I. 1 (Very Hard)

  • Race: Protoss Protoss
  • Spawn Location: 12:00

winzboy - Winner!

  • Race: Protoss Protoss
  • League: Platinum
  • Spawn Location: 5:00

VOD

Have the link to the VOD?

Description

Time

  • Played on: Nov. 28, 2023, 9:42 p.m.
  • Length: 5:47
Show
View Real Time Build Order
Export as new Build Order

A.I. 1 (Very Hard) Protoss 

Build Orders:  

Get SALT Encoding   

  12  0:00  Probe  
  13  0:13  Probe  
  14  0:20  Pylon  
  14  0:25  Probe  
  15  0:34  Probe  
  15  0:42  Probe  
  16  0:47  Assimilator  
  17  0:51  Gateway  
  17  0:52  Probe  
  18  1:00  Probe, Pylon  
  18  1:08  Probe  
  20  1:18  Probe  
  21  1:39  Gateway, Probe  
  22  1:40  Zealot  
  22  1:41  Cybernetics Core  
  24  1:51  Pylon  
  24  1:52  Probe  
  25  1:58  Zealot  
  25  2:05  Assimilator  
  27  2:09  Probe  
  27  2:10  Warp Gate  
  28  2:21  Probe  
  29  2:24  Adept  
  29  2:25  Adept  
  33  2:35  Robotics Facility  
  33  2:37  Probe  
  34  2:54  Adept  
  34  2:55  Adept  
  38  3:00  Pylon, Probe  
  39  3:19  Probe  
  39  3:24  Adept  
  39  3:25  Sentry  
  43  3:28  Immortal  
  47  3:37  Pylon  
  47  3:56  Pylon  
  47  3:57  Stalker  
  47  4:02  Stalker  
  55  4:19  Pylon  
  55  4:27  Twilight Council  
  55  4:40  Pylon  
  49  5:01  Immortal  
  49  5:04  Templar Archives  
  49  5:08  Pylon  
  49  5:10  Pylon  
  37  5:27  Zealot  
  32  5:35  Probe  
Show
View Real Time Build Order
Export as new Build Order

winzboy Protoss - Winner!

Build Orders: Dark Templar Rush 

Get SALT Encoding   

  12  0:01  Probe  
  13  0:15  Pylon  
  13  0:18  Probe  
  14  0:37  Gateway  
  14  0:38  Assimilator  
  14  0:44  Assimilator  
  14  0:47  Probe (Chrono Boost)  
  16  0:57  Probe (Chrono Boost)  
  16  1:02  Probe (Chrono Boost)  
  17  1:14  Pylon, Probe  
  18  1:26  Probe  
  18  1:32  Cybernetics Core  
  19  1:38  Probe  
  20  1:50  Gateway  
  20  1:53  Probe  
  21  2:02  Gateway  
  21  2:19  Twilight Council, Warp Gate (Chrono Boost)  
  21  2:20  Gateway  
  21  2:35  Gateway  
  21  2:38  Pylon  
  20  2:47  Adept  
  20  2:50  Probe  
  23  3:04  Dark Shrine  
  23  3:18  Pylon  
  23  3:27  Charge (Chrono Boost)  
  23  3:55  Pylon  
  23  4:16  Dark Templar  
  23  4:17  Dark Templar x2  
  29  4:36  Zealot  
  31  4:52  Dark Templar  
  33  4:54  Zealot x2  
  37  5:07  Zealot  
  39  5:24  Dark Templar  
  39  5:25  Zealot x2  
Tags
 
League
Platinum
Matchup
PvP
Spawn Locations
Cross Positions
Add a new tag
Caveats
  • Supply blocks, unpowered buildings, or Contaminate may cause inaccurate times.
  • Supply counts are checked every 10 seconds.